 Dungeon Crawl Stone Soup version 0.30-a0-652-gcc886f7154 (webtiles) character file.

Game seed: 11588113934779536601

50 Leeroy the Slasher (level 3, 0/21 HPs)
             Began as a Tengu Warper on Jan 17, 2023.
             Slain by a rat (3 damage)
             ... on level 2 of the Dungeon.
             The game lasted 00:00:59 (1076 turns).

Leeroy the Slasher (Tengu Warper)                   Turns: 1076, Time: 00:01:00

Health: 0/21       AC:  3    Str: 11    XL:     3   Next: 79%
Magic:  7/7        EV: 12    Int: 13    God:
Gold:   114        SH:  0    Dex: 15    Spells: 6/6 levels left

rFire   . . .      SeeInvis .    a - +0 falchion
rCold   . . .      Faith    .    (no shield)
rNeg    . . .      Spirit   .    b - +0 leather armour
rPois   .          Reflect  .    (helmet restricted)
rElec   .          Harm     .    (no cloak)
rCorr   .          Rampage  .    (no gloves)
Will    .....                    (boots unavailable)
Stlth   +                        (no amulet)
HPRegen 0.23/turn                (no ring)
MPRegen 0.10/turn                (no ring)

@: no status effects
A: beak, talons 3
a: no special abilities


You were on level 2 of the Dungeon.
You visited 1 branch of the dungeon, and saw 2 of its levels.

You collected 114 gold pieces.

Inventory:

Hand Weapons
 a - a +0 falchion (weapon)
Missiles
 d - 7 boomerangs of dispersal (quivered)
Armour
 b - a +0 leather armour (worn)
Jewellery
 h - an amulet of reflection
Scrolls
 c - a scroll of blinking
 e - 2 scrolls of identify {unknown}
 i - a scroll of brand weapon {unknown}
Potions
 f - a potion of attraction {unknown}
 g - a potion of brilliance {unknown}
 j - a potion of curing


   Skills:
 - Level 2.0 Fighting
 + Level 4.4 Long Blades
 - Level 1.0 Throwing
 - Level 1.1 Armour
 - Level 2.1 Dodging
 - Level 2.0 Spellcasting
 - Level 2.4 Translocations


You had 6 spell levels left.
You didn't know any spells.
Your spell library contained the following spells:

 Spells                   Type           Power      Damage    Failure   Level
 Blink                    Tloc           14%        N/A       19%         2
 Lesser Beckoning         Tloc           14%        N/A       19%         2
 Shock                    Conj/Air       4%         1d3       32%         1
 Teleport Other           Tloc           7%         N/A       36%         3
 Vhi's Electric Charge    Tloc/Air       8%         N/A       52%         3
 Swiftness                Air            1%         N/A       69%         3
 Manifold Assault         Tloc           7%         N/A       77%         4
 Freezing Cloud           Conj/Ice/Air   0%         6-21      100%        5


Dungeon Overview and Level Annotations

Branches:
Dungeon (2/15)

Altars:


Innate Abilities, Weirdness & Mutations

You have a beak for a mouth.
You have claws for feet.


Message History

You are too injured to fight recklessly!
You are too injured to fight recklessly!
The adder attacks as you move away! The adder misses you.
You feel sick. The adder misses you. The frilled lizard barely misses you.
Okay, then.
It was a potion of curing.
You feel better. The adder bites you.
You are poisoned.
The adder poisons you!
The frilled lizard bites you but does no damage.
You hit the adder but do no damage. Your kick misses the adder.
Your peck misses the adder.
The adder is severely wounded.
You feel sick. The adder bites you but does no damage.
The frilled lizard bites you but does no damage.
You barely miss the adder.
The adder is severely wounded.
You feel sick. The adder misses you. The adder barely misses you.
The frilled lizard completely misses you.
You hit the adder but do no damage. Your kick misses the adder.
The adder is severely wounded.
You feel sick. The adder misses you. The frilled lizard closely misses you.
You hit the adder. Your kick misses the adder.
You peck the adder, but do no damage.
The adder is severely wounded.
You feel sick.
You are no longer poisoned.
The adder bites you but does no damage. The frilled lizard bites you.
The adder bites you but does no damage.
You slash the adder!
You kill the adder!
The frilled lizard bites you.
You barely miss the rat. The frilled lizard bites you.
* * * LOW HITPOINT WARNING * * *
The rat closely misses you.
You closely miss the rat. The frilled lizard misses you.
The rat closely misses you.
You barely miss the rat. The frilled lizard bites you.
* * * LOW HITPOINT WARNING * * *
The rat bites you.
You die...

.................##
............##....##
...#..##.##.##.....#
......##...........#
...#..##...........#
...# .##.##.......##
..... ......#####.##
...## ...#..r#..#
.### ..#.(.#@..#
....#..l#..# ..#
#####..# . ...# ...$
..#.. ....... .#...?


You could see a frilled lizard and a rat.

Vanquished Creatures
  2 adders (D:2)
  2 dart slugs
  6 bats
  4 endoplasms (D:1)
  A goblin (D:1)
  3 jackals (D:2)
  2 kobolds (D:1)
  2 ball pythons
  4 frilled lizards
  2 rats
28 creatures vanquished.

Notes
Turn   | Place    | Note
-------+----------+-------------------------------------------
     0 | D:1      | Leeroy the Tengu Warper began the quest for the Orb.
     0 | D:1      | Reached XP level 1. HP: 12/12 MP: 4/4
    62 | D:1      | Reached XP level 2. HP: 15/17 MP: 6/6
    96 | D:1      | Reached skill level 3 in Long Blades
   416 | D:1      | Got Sif Muna's Monograph on Air
   836 | D:2      | Reached XP level 3. HP: 11/21 MP: 7/7
   933 | D:2      | Reached skill level 4 in Long Blades
  1076 | D:2      | Slain by a rat

Illustrated notes

Levels and vault maps discovered:
D:1:      lightli_iron_boxes, layout_basic, minivault_4
D:2:      layout_loops_cross, basic_altar, minmay_distorted

Skill      XL: |  1  2  3 |
---------------+----------+-----
Long Blades    | 3 4 |  4.4
Fighting       | |  2.0
Throwing       | |  1.0
Armour         | |  1.1
Dodging        | |  2.1
Spellcasting   | |  2.0
Translocations | |  2.4

Action                   || total
-------------------------++-------
Melee: Falchion          ||    88
       Kick              ||    16
       Peck              ||     8
       Punch             ||     1
  Use: Potion            ||     1
 Stab: Sleeping          ||     3
Armor: Leather armour    ||    43
Dodge: Dodged            ||    67

Table legend: (Time is in decaauts)
 A = Elapsed time spent in this place.
 B = Non-inter-level travel time spent in this place.
 C = Inter-level travel time spent in this place.
 D = Time resting spent in this place.
 E = Time spent auto-exploring this place.
 F = Levels seen in this place.
 G = Mean time per level.
                   A        B        C        D        E       F      G
               +--------+--------+--------+--------+--------+-----+--------+
         Total |   1088 |   1055 |     33 |      0 |    851 |   2 |  544.0 |
       Dungeon |   1088 |   1055 |     33 |      0 |    851 |   2 |  544.0 |
               +--------+--------+--------+--------+--------+-----+--------+

Top non-repeatable levels by time:
     D:1: 797 daAuts
     D:2: 290 daAuts
